 Dungeon Crawl Stone Soup version 0.30.1-10-g1249ef9ec4 (webtiles) character file.

Game seed: 11990328351342815111

67 lonewolfV2 the Covered (level 4, -4/35 HPs)
             Began as a Demonspawn Fighter on Oct 26, 2023.
             Slain by a gnoll
             ... wielding a +0 flail
              (8 damage)
             ... on level 3 of the Dungeon.
             The game lasted 00:01:46 (1304 turns).

lonewolfV2 the Covered (Demonspawn Fighter)         Turns: 1304, Time: 00:01:47

Health: -4/35      AC:  6    Str: 18    XL:     4   Next: 0%
Magic:  4/4        EV: 10    Int:  9    God:
Gold:   87         SH:  4    Dex: 13    Spells: 3/3 levels left

rFire   . . .        a - +1 war axe
rCold   . . .        c - +0 buckler
rNeg    . . .        b - +0 scale mail
rPois   .            (no helmet)
rElec   .            (no cloak)
rCorr   .            (no gloves)
SInv    .            (no boots)
Will    .....        (no amulet) Stlth
                     (no ring)
HPRegen 0.25/turn    (no ring)
MPRegen 0.18/turn

%: no passive effects
@: no status effects
A: magic regeneration
a: no special abilities


You were on level 3 of the Dungeon.
You visited 1 branch of the dungeon, and saw 3 of its levels.

You collected 87 gold pieces.

Inventory:

Hand Weapons
 a - a +1 war axe (weapon)
Armour
 b - a +0 scale mail (worn)
 c - a +0 buckler (worn)
Scrolls
 g - a scroll of teleportation
 h - a scroll of fear {unknown}
 i - 2 scrolls of magic mapping
Potions
 d - a potion of might
 e - a potion of flight
 f - a potion of degeneration {unknown}


   Skills:
 - Level 3.0 Fighting
 - Level 1.7 Axes
 + Level 3.3 Armour
 * Level 2.6 Dodging
 - Level 2.6 Shields


You had 3 spell levels left.
You didn't know any spells.
Your spell library contained the following spells:

 Spells                   Type           Power      Damage    Failure   Level
 Portal Projectile        Hex/Tloc       0%         N/A       99%         3
 Tukima's Dance           Hex            0%         N/A       99%         3
 Blade Hands              Tmut           0%         N/A       100%        5


Dungeon Overview and Level Annotations

Branches:
Dungeon (3/15)

Altars:

Shops:
D:1 (


Innate Abilities, Weirdness & Mutations

You regenerate magic rapidly.


Message History

A gnoll comes into view. It is wielding a +0 spear.
You hit the gnoll.
The gnoll is moderately wounded.
The gnoll closely misses you.
You hit the gnoll but do no damage.
The gnoll is moderately wounded.
You hit the gnoll. The gnoll closely misses you.
A kobold comes into view. It is wielding a +0 dagger.
The gnoll completely misses you. The gnoll hits you but does no damage.
The kobold moves out of view.
Found a dagger.
You block the gnoll's attack. x2
The gnoll hits you from afar with a +0 spear.
The gnoll hits you with a +0 flail.
You completely miss the gnoll. You hit the gnoll but do no damage.
You hit the gnoll. The gnoll closely misses you. x2
You block the gnoll's attack. The gnoll closely misses you.
The kobold shouts!
You slash the gnoll!
The gnoll is heavily wounded.
You hit the gnoll. x2; The gnoll closely misses you.
The gnoll barely misses you. The gnoll hits you with a +0 flail!
You block the gnoll's attack. The gnoll barely misses you.
The gnoll hits you from afar with a +0 spear.
The gnoll hits you with a +0 flail.
* * * LOW HITPOINT WARNING * * *
The gnoll hits you with a +0 spear.
* * * LOW HITPOINT WARNING * * *
You hit the gnoll.
The gnoll is severely wounded.
You hit the gnoll. You completely miss the gnoll.
The gnoll completely misses you. The gnoll closely misses you.
The gnoll hits you but does no damage. You block the gnoll's attack.
You closely miss the gnoll.
The gnoll is severely wounded.
You hit the gnoll. You slash the gnoll!
You kill the gnoll!
You block the gnoll's attack. The gnoll hits you with a +0 spear.
* * * LOW HITPOINT WARNING * * *
The gnoll closely misses you. The gnoll hits you with a +0 flail!
You die...

).# #.# .# ...
.. ... .# #.##.#
# # #g...#.# #.
#g#K.#.#
####.##@g....#
........)..### #
....##.....###..
....$...........
...)##?.....##.
.>. ##...#.# ##
##..#<#
#..#.####
#.......#


You could see 3 gnolls and a kobold.

Vanquished Creatures
  A gnoll (D:3)
  An adder (D:2)
  A worm (D:2)
  7 endoplasms
  2 giant cockroaches
  8 goblins
  4 hobgoblins
  6 jackals (D:1)
  3 quokkas (D:1)
  6 ball pythons
  3 bats
  3 frilled lizards (D:2)
  2 kobolds (D:2)
  3 rats
50 creatures vanquished.

Notes
Turn   | Place    | Note
-------+----------+-------------------------------------------
     0 | D:1      | lonewolfV2 the Demonspawn Fighter began the quest for the
                  | Orb.
     0 | D:1      | Reached XP level 1. HP: 18/18 MP: 1/1
    68 | D:1      | Reached skill level 1 in Dodging
    70 | D:1      | Gained mutation: You regenerate magic rapidly. [demonic
                  | ancestry]
    70 | D:1      | Reached XP level 2. HP: 15/24 MP: 2/2
   210 | D:1      | Found a faded altar of an unknown god.
   321 | D:1      | Found Zaarut's Antique Weapon Boutique.
   466 | D:1      | Reached XP level 3. HP: 21/29 MP: 3/3
  1286 | D:3      | Reached XP level 4. HP: 35/35 MP: 4/4
  1304 | D:3      | Slain by a gnoll

Illustrated notes

Levels and vault maps discovered:
D:1:      psy_arrival_statuary, layout_basic, serial_shops, nicolae_shop_trees,
          shapermc_ecumenical_altar_flowoftime, st_stairs_5
D:2:      layout_rooms
D:3:      layout_loops_cross, serial_shops, shop

Skill      XL: |  1  2 |
---------------+-------+-----
Dodging        | 1 2 |  2.6
Armour         | 3 |  3.3
Fighting       | |  3.0
Axes           | |  1.7
Shields        | |  2.6

Action                     |  1- 3 |  4- 6 || total
---------------------------+-------+-------++-------
  Melee: War axe           |    97 |     6 ||   103
    Use: Scroll            |     4 |       ||     4
 Armour: Scale mail        |    65 |     2 ||    67
  Dodge: Dodged            |    55 |    12 ||    67
  Block: Buckler           |    25 |     6 ||    31
